 Dungeon Crawl Stone Soup version 0.19-a0-1815-g4007336 (webtiles) character file.

10411 Amnesiac the Black Sun (level 11, -1/68 HPs)
             Began as a Mummy Wizard on Oct 5, 2016.
             Was a High Priest of Kikubaaqudgha.
             Slain by an orc priest
             ... wielding a +1 trident of piercing
              (7 damage)
             ... on level 10 of the Dungeon.
             The game lasted 00:37:12 (15848 turns).

Amnesiac the Black Sun (Mummy Wizard)              Turns: 15848, Time: 00:37:14

Health: -1/68      AC:  2    Str: 10    XL:     11   Next: 35%
Magic:  0/26       EV: 15    Int: 22    God:    Kikubaaqudgha [*****.]
Gold:   593        SH:  0    Dex: 14    Spells: 11 memorised, 0 levels left

rFire  x . .     SeeInvis +     G - +2 trident (freeze)
rCold  + . .     Gourm    .     a - +0 robe
rNeg   + + +     Faith    .     (no shield)
rPois  ∞         Spirit   .     x - +0 helmet
rElec  .         Dismiss  .     s - +0 cloak
rCorr  .         Reflect  .     i - +1 pair of gloves of Issoitz {*Corrode Int+4 SInv}
MR     +....     Harm     .     (no boots)
Stlth  ++........               (no amulet)
                                (no ring)
                                h - ring of flight

@: corroded, repel missiles
A: no food or potions, fire vulnerability, cold resistance 1, negative energy
resistance 3, torment resistance, unbreathing
a: Receive Corpses, Torment, Renounce Religion, Evoke Flight


You were on level 10 of the Dungeon.
You worshipped Kikubaaqudgha.
Kikubaaqudgha was extremely pleased with you.
You were not hungry.

You visited 1 branch of the dungeon, and saw 10 of its levels.

You collected 593 gold pieces.

Inventory:

Hand Weapons
 G - a +2 trident of freezing (weapon)
Missiles
 f - 5 curare-tipped needles
 y - a throwing net (quivered)
Armour
 a - a +0 robe (worn)
 i - the +1 pair of gloves of Issoitz (worn) {*Corrode Int+4 SInv}
   (You found it on level 10 of the Dungeon)

   It affects your intelligence (+4).
   It lets you see invisible.
   It may corrode you when you take damage.
 s - a +0 cloak (worn)
 x - a +0 helmet (worn)
Jewellery
 h - a ring of flight (left hand)
Wands
 j - a wand of iceblast (8/15)
 t - a wand of acid (12/15)
 v - a wand of paralysis (20/24)
 C - a wand of polymorph (14/24)
 D - a wand of disintegration (1/24)
Scrolls
 b - a scroll of enchant weapon
 d - 2 scrolls of amnesia
 e - 5 scrolls of teleportation
 g - 2 scrolls of identify
 k - a scroll of magic mapping
 l - 5 scrolls of remove curse
 p - 3 scrolls of blinking
 q - 8 scrolls of recharging
 r - 2 scrolls of fog
 A - a scroll of enchant armour
 B - a scroll of torment
Books
 c - a book of Minor Magic

   Spells                             Type                      Level
   a - Magic Dart                     Conjuration                  1
   b - Blink                          Translocation                2
   c - Call Imp                       Summoning                    2
   d - Repel Missiles                 Charms/Air                   2
   e - Slow                           Hexes                        2
   f - Conjure Flame                  Conjuration/Fire             3
   g - Mephitic Cloud                 Conjuration/Poison/Air       3
 w - Kikubaaqudgha's Collected Works on Darkness
   (Kikubaaqudgha gifted it to you on level 2 of the Dungeon)

   Spells                             Type                      Level
   a - Animate Skeleton               Necromancy                   1
   b - Pain                           Necromancy                   1
   c - Corpse Rot                     Necromancy                   2
   d - Vampiric Draining              Necromancy                   3
   e - Control Undead                 Necromancy                   4
 F - Kikubaaqudgha's Tome of Evil Magic
   (Kikubaaqudgha gifted it to you on level 8 of the Dungeon)

   Spells                             Type                      Level
   a - Animate Dead                   Necromancy                   4
   b - Bolt of Draining               Conjuration/Necromancy       5
   c - Agony                          Necromancy                   5
   d - Dispel Undead                  Necromancy                   5
   e - Death Channel                  Necromancy                   6


   Skills:
 + Level 6.2 Dodging
 - Level 1.5 Stealth
 - Level 11.1 Spellcasting
 - Level 1.0 Conjurations
 - Level 0.7 Summonings
 - Level 11.5 Necromancy
 - Level 0.7 Translocations


You couldn't memorise any spells.
You knew the following spells:

 Your Spells              Type           Power        Failure   Level  Hunger
a - Repel Missiles        Chrm/Air       ##....       10%         2    N/A
b - Blink                 Tloc           N/A          8%          2    N/A
c - Magic Dart            Conj           ###.         4%          1    N/A
d - Call Imp              Summ           ###.....     8%          2    N/A
e - Mephitic Cloud        Conj/Pois/Air  ##......     14%         3    N/A
f - Vampiric Draining     Necr           ######....   1%          3    N/A
g - Corpse Rot            Necr           N/A          1%          2    N/A
h - Animate Dead          Necr           N/A          1%          4    N/A
s - Conjure Flame         Conj/Fire      ##......     14%         3    N/A
w - Dispel Undead         Necr           ######..     1%          5    N/A
z - Bolt of Draining      Conj/Necr      #####.....   12%         5    N/A

Dungeon Overview and Level Annotations

Branches:
Dungeon (10/15)            Temple (0/1) D:7            Lair (0/6) D:10
    Orc: D:9-12

Altars:
Ashenzari
Cheibriados
Dithmenos
Kikubaaqudgha
Makhleb
Nemelex Xobeh
Ru
Sif Muna
Trog
Yredelemnul
The Shining One

Shops:
D:4 !   D:5 !(=*   D:10 ?

Annotations:
D:10 exclusion: ice statue


Innate Abilities, Weirdness & Mutations

You do not eat or drink.
Your flesh is vulnerable to fire.
You are immune to poison.
Your flesh is cold resistant. (rC+)
You are immune to negative energy. (rN+++)
You are immune to unholy pain and torment.
You can survive without breathing.


Message History

The orc priest hits you from afar with a trident of piercing.
* * * LOW HITPOINT WARNING * * *
x2 The orc priest closely misses you.
Your magical contamination has completely faded away.
Casting: Vampiric Draining
Confirm with . or Enter, or press ? or * to list all spells.
Aiming: Vampiric Draining
Press: ? - help, Shift-Dir - straight line, f/p - orc priest
Aim: an orc priest, wielding a trident of piercing and wearing a chain mail (moderately wounded)
The orc priest is almost dead.
You feel life coursing into your body. The orc priest closely misses you.
Unknown command.
You hit the orc priest but do no damage.
The orc priest is almost dead.
The orc priest calls down the wrath of Beogh upon you.
Beogh smites you!
* * * LOW HITPOINT WARNING * * *
The orc priest hits you with a trident of piercing!
You die...
Kikubaaqudgha rasps: "You have failed me!
Welcome... oblivion!"

........#.#...#.#...#'########'..
........#.'...#.#................
........#.#####.#................
........#.......#................
..<.....#########................
.............................<...
.................................
...............o.................
......#'##......@)).......#......
##....#..#......)........###.....
#....#..###'#......##..≈≈≈≈≈..##
#..###......#......###≈≈≈≈≈≈≈###
#..#........#.......##≈≈...≈≈##.
#..#........#.......≈44.....≈≈≈.
#..#........#......≈≈45##.##.≈≈≈
#..#........#.....#≈44.#$)?#..5≈
#..#...>....#....##≈≈...?8$...4≈


You could see 4 ice devils, an orc priest and an ufetubus.

Vanquished Creatures
  A troll (D:10)
  An ice devil (D:10)
  A hornet (D:9)
  A two-headed ogre (D:10)
  8 hippogriffs
  2 wraiths (D:10)
  2 basilisks (D:10)
  10 yaks
  3 porcupines
  3 ice beasts
  5 orc warriors
  Purgy (D:4)
  4 sky beasts
  2 black bears (D:10)
  2 eyes of draining
  A phantom (D:9)
  2 necrophages (D:10)
  6 centaurs
  4 ogres
  2 crocodiles (D:10)
  A big kobold (D:10)
  9 bullfrogs
  4 scorpions
  11 wights
  3 killer bees (D:7)
  A crimson imp (D:7)
  2 bullfrog zombies
  A centaur zombie (D:6)
  4 hounds
  4 orc priests
  16 iguanas
  4 worker ants
  10 orc wizards
  A killer bee zombie (D:9)
  6 gnolls
  15 adders
  3 river rats (D:10)
  A shadow imp (D:5)
  4 ufetubi (D:10)
  2 adder zombies
  An adder skeleton (D:8)
  A worm (D:2)
  2 dart slugs
  4 leopard geckos
  33 orcs
  6 ball pythons
  8 bats
  A bat zombie (D:6)
  6 goblins
  7 hobgoblins
  11 jackals
  12 kobolds
  6 quokkas
  6 frilled lizards
  A leopard gecko zombie (D:5)
  A quokka skeleton (D:8)
  5 rats
  4 rat zombies (D:6)
278 creatures vanquished.

Vanquished Creatures (collateral kills)
  A yak (D:7)
  An ogre (D:5)
  4 crimson imps
  2 orc priests
  A worker ant (D:4)
  3 adders
  An ooze (D:2)
  2 worms
  A leopard gecko (D:2)
  3 orcs
  A jackal (D:7)
  2 quokkas
  A frilled lizard (D:3)
  A rat (D:2)
24 creatures vanquished.

Vanquished Creatures (others)
  A killer bee (D:7)
  A gnoll (D:3)
  A bush (D:10)
  2 fungi (D:10)
  10 plants (D:10)
15 creatures vanquished.

Grand Total: 317 creatures vanquished

Notes
Turn   | Place    | Note
-------+----------+-------------------------------------------
     0 | D:1      | Amnesiac the Mummy Wizard began the quest for the Orb.
     0 | D:1      | Reached XP level 1. HP: 13/13 MP: 4/4
    10 | D:1      | Reached skill level 1 in Conjurations
   397 | D:1      | Reached XP level 2. HP: 19/19 MP: 4/6
   401 | D:1      | Learned a level 2 spell: Call Imp
   782 | D:2      | Reached XP level 3. HP: 24/24 MP: 0/8
   787 | D:2      | Learned a level 3 spell: Mephitic Cloud
   791 | D:2      | Learned a level 3 spell: Conjure Flame
  1781 | D:4      | Found a sacrificial altar of Ru.
  1960 | D:4      | Found a glowing golden altar of the Shining One.
  1966 | D:4      | Found a basalt altar of Yredelemnul.
  1966 | D:4      | Found a bloodstained altar of Trog.
  1968 | D:4      | Found a sparkling altar of Nemelex Xobeh.
  2068 | D:4      | Found Sustra's Distillery.
  2080 | D:4      | Reached XP level 4. HP: 30/30 MP: 4/10
  2132 | D:4      | Noticed Purgy
  2132 | D:4      | Noticed an ogre
  2157 | D:4      | HP: 1/30 [quokka (2)]
  2535 | D:3      | Learned a level 2 spell: Repel Missiles
  2704 | D:3      | Reached skill level 5 in Spellcasting
  2811 | D:4      | Killed Purgy
  2811 | D:4      | Reached XP level 5. HP: 35/35 MP: 5/13
  2887 | D:4      | Noticed a phantom
  2906 | D:5      | Entered Level 5 of the Dungeon
  2906 | D:5      | Noticed a centaur
  2919 | D:5      | Killed a centaur
  2919 | D:5      | Reached XP level 6. HP: 17/41 MP: 9/15
  3389 | D:5      | Found Ofeb's Jewellery Emporium.
  3669 | D:5      | Found a deep blue altar of Sif Muna.
  3672 | D:5      | Found a shadowy altar of Dithmenos.
  3672 | D:5      | Found a snail-covered altar of Cheibriados.
  3672 | D:5      | Found a shattered altar of Ashenzari.
  3714 | D:5      | Found Gaucrip's Antique Weapon Shop.
  4045 | D:5      | Found Jadorifu's Distillery.
  4609 | D:5      | Found Ridedo's Serpentskin Sales.
  4746 | D:6      | Reached XP level 7. HP: 46/46 MP: 15/18
  4868 | D:6      | Found an ancient bone altar of Kikubaaqudgha.
  4876 | D:6      | Became a worshipper of Kikubaaqudgha
  5817 | D:2      | Reached * piety under Kikubaaqudgha
  5817 | D:2      | Identified Kikubaaqudgha's Collected Works on Darkness (Kikubaaqudgha gifted it to you on level 2 of the Dungeon)
  5817 | D:2      | Received a gift from Kikubaaqudgha
  5862 | D:2      | Learned a level 3 spell: Vampiric Draining
  5865 | D:2      | Learned a level 2 spell: Blink
  5868 | D:2      | Learned a level 2 spell: Corpse Rot
  6487 | D:3      | Reached skill level 1 in Necromancy
  6720 | D:3      | Found a burning altar of Makhleb.
  7193 | D:6      | Reached XP level 8. HP: 34/52 MP: 15/20
  7795 | D:7      | Found a staircase to the Ecumenical Temple.
  8050 | D:7      | Reached skill level 5 in Necromancy
  8100 | D:7      | Reached ** piety under Kikubaaqudgha
  8373 | D:7      | Reached XP level 9. HP: 50/57 MP: 6/21
 10833 | D:8      | Reached skill level 10 in Necromancy
 11077 | D:8      | Reached *** piety under Kikubaaqudgha
 11077 | D:8      | Identified Kikubaaqudgha's Tome of Evil Magic (Kikubaaqudgha gifted it to you on level 8 of the Dungeon)
 11077 | D:8      | Received a gift from Kikubaaqudgha
 11077 | D:8      | Reached XP level 10. HP: 26/63 MP: 6/23
 11086 | D:8      | Learned a level 5 spell: Dispel Undead
 11092 | D:8      | Learned a level 5 spell: Bolt of Draining
 11888 | D:9      | Reached skill level 10 in Spellcasting
 12426 | D:9      | Noticed a red ugly thing
 12436 | D:10     | Entered Level 10 of the Dungeon
 13104 | D:9      | Reached **** piety under Kikubaaqudgha
 14019 | D:10     | Noticed an ice statue
 14045 | D:10     | Got a pair of fine gloves
 14057 | D:10     | Identified the +1 pair of gloves of Issoitz {*Corrode Int+4 SInv} (You found it on level 10 of the Dungeon)
 14559 | D:10     | Reached XP level 11. HP: 59/68 MP: 15/26
 14802 | D:10     | Found a staircase to the Lair.
 14952 | D:10     | Reached ***** piety under Kikubaaqudgha
 14973 | D:10     | Learned a level 4 spell: Animate Dead
 15156 | D:10     | Reached skill level 5 in Dodging
 15193 | D:10     | Found Ywuak's Magic Scroll Boutique.
 15848 | D:10     | Slain by an orc priest

Vault maps used:
D:1:      roderic_crossed_star
D:2:      minmay_pentomino_z2
D:3:      marbit_many_paths
D:4:      nicolae_overflow_hidden_temple, minitemple, serial_shops,
          nicolae_shop_statue_plus, uniq_purgy
D:5:      grunt_temple_overflow_open, first_bread, serial_shops, shop_fountains,
          kennysheep_little_box, shop_fountains, guppyfry_shop_venom
D:6:      lemuel_zombie_altar_kikubaaqudgha, kennysheep_generic_room_15
D:7:      minmay_misc_feat_four_crosses
D:8:      minmay_weird_star
D:10:     cheibrodos_frozen_isle, minmay_lair_entry_grove, serial_shops,
          shop_scrolls

Skill      XL: |  1  2  3  4  5  6  7  8  9 10 11 |
---------------+----------------------------------+-----
Conjurations   | 1 |  1.0
Spellcasting   | 4 5 6 7 8 9 11 | 11.1
Necromancy     | 3 7 10 11 | 11.5
Dodging        | 3 6 |  6.2
Stealth        | |  1.5
Summonings     | |  0.7
Translocations | |  0.7

Action                   |  1- 3 |  4- 6 |  7- 9 | 10-12 || total
-------------------------+-------+-------+-------+-------++-------
Melee: Unarmed           |    46 |       |       |       ||    46
       Trident           |    14 |   109 |   589 |   370 ||  1082
 Cast: Magic Dart        |    43 |     4 |    13 |       ||    60
       Call Imp          |    12 |    18 |    19 |     7 ||    56
       Mephitic Cloud    |     1 |    10 |    57 |    21 ||    89
       Conjure Flame     |       |     4 |    11 |    26 ||    41
       Repel Missiles    |       |     1 |     1 |       ||     2
       Vampiric Draining |       |       |     9 |    45 ||    54
       Blink             |       |       |     2 |       ||     2
       Bolt of Draining  |       |       |       |    30 ||    30
       Dispel Undead     |       |       |       |    13 ||    13
       Animate Dead      |       |       |       |     1 ||     1
Evoke: Wand              |       |       |     2 |       ||     2
  Use: Scroll            |       |     5 |     9 |     5 ||    19
 Stab: Confused          |     2 |     1 |    23 |    15 ||    41
       Distracted        |     1 |       |     1 |     1 ||     3
       Sleeping          |       |     2 |     7 |     2 ||    11
Armor: Robe              |     6 |    16 |   119 |    55 ||   196
Dodge: Dodged            |    48 |    71 |   344 |   215 ||   678
       Deflected         |       |       |     6 |     4 ||    10
